AoeStats
← Pillage The Village

Socotra

505053591Analyzed
2v2 RM · 25d ago on Sep 7, 2026· 25m 33s· 4 players
Game mode
Random Map
Map size
Tiny (2 player)
Population
200
Speed
Normal
Resources
Standard
Victory
Conquest
Starting age
Dark Age
Ending age
Imperial Age
RankedLock teamsTeams togetherTeam positionsShared explorationLock speedFull tech treeHidden civsTurbo modeCheats
Victory
Defeat
🇧🇪 Mongols · Belgium
1219
+15
🇧🇪 Persians · Belgium
1192
+16
🇫🇷 Wu · France
1224
-16
🇪🇸 Magyars · Spain
1183
-15
Pillage The Village
4:32 Loom
11:38 Feudal Age
12:07 Double-Bit Axe
19:48 Fletching
25:00 Castle Age
22:47 Man-at-Arms
24:03 Scale Mail Armor
24:23 Gold Mining
24:46 Crossbowman
Myll_Barka
3:56 Loom
10:10 Feudal Age
11:03 Double-Bit Axe
19:07 Castle Age
17:45 Bloodlines
18:12 Horse Collar
19:01 Scale Barding Armor
20:30 Bow Saw
20:56 Forging
aKrasia
6:07 Loom
8:24 Feudal Age
15:11 Double-Bit Axe
16:01 Horse Collar
20:19 Castle Age
20:06 Bloodlines
20:43 Fletching
22:51 Husbandry
23:05 Padded Archer Armor
AirForceOne
6:44 Loom
11:27 Feudal Age
11:43 Man-at-Arms
16:18 Double-Bit Axe
18:15 Arson
22:19 Castle Age
20:28 Scale Mail Armor
22:02 Forging
22:34 Pikeman
23:58 Stone Mining
Connection lost

Rejoining the realm…

Still unreachable

The connection could not be restored.

Session expired

The server has moved on; the page needs a fresh start.